 Dungeon Crawl Stone Soup version 0.20-a0-656-g9b0dcd9 (webtiles) character file.

22384 Laphicet the Epochal (level 12, -7/114 HPs)
             Began as a Troll Hunter on Feb 16, 2017.
             Was an Elder of Cheibriados.
             Mangled by an eight-headed hydra (13 damage)
             ... on level 2 of the Lair of Beasts.
             The game lasted 00:31:46 (13619 turns).

Laphicet the Epochal (Troll Hunter)                Turns: 13619, Time: 00:31:46

Health: -7/114     AC: 10    Str: 33    XL:     12   Next: 62%
Magic:  5/19       EV: 13    Int: 21    God:    Cheibriados [****..]
Gold:   389        SH: 14    Dex: 20    Spells: 13/14 levels left

rFire    + . .     SeeInvis .   x - +2 flail (drain)
rCold    + . .     Gourm    +   p - +1 robe {rN+}
rNeg     + . .     Faith    .   L - +0 shield
rPois    .         Spirit   .   M - +2 hat
rElec    .         Reflect  .   (no cloak)
rCorr    .         Harm     .   (gloves unavailable)
MR       .....                  (boots unavailable)
Stlth    ++........             m - amulet of magic regeneration
Regen    0.7/turn               C - ring of protection from fire
MPRegen  0.3/turn               i - ring of protection from cold

@: lethally poisoned (-7 -> -7), very slow
A: unfitting armour, claws 3, horns 1, rugged brown scales 1, fast metabolism 3,
gourmand, regeneration 1, shaggy fur 2, tough skin 2
a: Bend Time, Temporal Distortion, Slouch, Renounce Religion


You were on level 2 of the Lair of Beasts.
You worshipped Cheibriados.
Cheibriados was greatly pleased with you.
You were very full.

You visited 3 branches of the dungeon, and saw 14 of its levels.

You collected 707 gold pieces.
You spent 318 gold pieces at shops.

Inventory:

Hand Weapons
 j - a +3 whip of venom
 r - the +5 quarterstaff of Sanog {antimagic, +Fly rElec MR++ Dex-5}
   (You found it on level 1 of the Lair of Beasts)

   It reduces the magical energy of the wielder, and disrupts the spells and
   magical abilities of those hit.
   Natural abilities and divine invocations are not affected.
   It affects your dexterity (-5).
   It insulates you from electricity.
   It affects your resistance to hostile enchantments.
   It lets you fly.
 x - a +2 flail of draining (weapon)
Missiles
 c - 9 large rocks (quivered)
 d - 4 throwing nets
 A - 345 stones
Armour
 p - a +1 robe of positive energy (worn)
 L - a +0 shield (worn)
 M - a +2 hat (worn)
Jewellery
 i - a ring of protection from cold (left claw)
 m - an amulet of magic regeneration (around neck)
 y - a cursed ring of teleportation {unknown}
 C - a ring of protection from fire (right claw)
 E - an uncursed ring of positive energy
 J - an uncursed ring of stealth {unknown}
Wands
 b - a wand of flame (8/48)
 k - a wand of lightning (9/15)
 q - a wand of confusion (26/48)
 v - a wand of paralysis (6/24)
 w - a wand of lightning (8/15)
 B - a wand of confusion (20/48)
 N - a wand of digging (14/24)
Scrolls
 a - a scroll of teleportation
 h - 9 scrolls of remove curse
 G - 2 scrolls of fog
 H - 3 scrolls of enchant weapon
 I - 2 scrolls of magic mapping
Potions
 e - 3 potions of haste
 g - a potion of flight
 l - 3 potions of lignification
 s - a potion of ambrosia
 z - a potion of curing
 D - a potion of berserk rage {unknown}
 K - a potion of cancellation
Comestibles
 f - 14 bread rations
 n - 6 fruits
 t - 11 meat rations
 u - 11 royal jellies


   Skills:
 + Level 5.0 Fighting
 + Level 6.5 Maces & Flails
 - Level 5.5 Throwing
 + Level 4.7 Dodging
 - Level 0.3 Stealth
 - Level 10.6 Shields
 + Level 1.6 Spellcasting
 + Level 11.2 Invocations


You had 13 spell levels left.
You knew the following spells:

 Your Spells              Type           Power        Failure   Level  Hunger
a - Sandblast             Erth           #.....       17%         1    #......


Dungeon Overview and Level Annotations

Branches:
Dungeon (11/15)            Temple (1/1) D:4            Lair (2/6) D:11
  Snake (0/4) Lair:2          Orc (0/2) D:11
  Swamp: Lair:2-4    Shoals: Lair:2-4

Altars:
Ashenzari
Cheibriados
Dithmenos
Elyvilon
Fedhas
Gozag
Hepliaklqana
Kikubaaqudgha
Makhleb
Nemelex Xobeh
Okawaru
Qazlal
Ru
Sif Muna
Trog
Uskayaw
Vehumet
Xom
Yredelemnul
Zin
The Shining One

Shops:
D:5 =   D:9 :   D:10 }


Innate Abilities, Weirdness & Mutations

You are too large for most types of armour.
You have claws for hands.
Your metabolism is lightning-fast.
You like to eat raw meat.
Your natural rate of healing is unusually fast.
You are covered in thick fur. (AC +2)
You have very tough skin. (AC +2)
You have a pair of small horns on your head.
You are partially covered in rugged brown scales. (AC +1, +3% HP)


Message History

You block the eight-headed hydra's attack.
You barely miss the eight-headed hydra. You headbutt the eight-headed hydra.
The eight-headed hydra is almost dead.
You feel sick.
A water moccasin comes into view.
The water moccasin hisses angrily.
You hit the eight-headed hydra. You headbutt the eight-headed hydra.
The eight-headed hydra is almost dead.
You block the eight-headed hydra's attack.
The eight-headed hydra bites you.
* * * LOW HITPOINT WARNING * * *
The eight-headed hydra barely misses you.
The eight-headed hydra bites you!
* * * LOW HITPOINT WARNING * * *
The eight-headed hydra bites you.
* * * LOW HITPOINT WARNING * * *
The eight-headed hydra bites you.
* * * LOW HITPOINT WARNING * * *
The eight-headed hydra bites you!
You die...

##.......## #.
#P...>....# <#
+.+.......+. ## #.
##.......#. . ..
#P.......## S+.
##.......# #?#
#........## ##D#
####..#.#.# #.@#
##.....# #.####
#....... ###....####
#..|....
##......##.####.......
#.......'.....#.......
##.......###..+.......
#........# ###........
#.#'###### ##.......
###..# #........


You could see an eight-headed hydra and a water moccasin.

Vanquished Creatures
  Gastronok (Lair:1)
  Erica (D:9)
  A two-headed ogre (D:8)
  4 death yaks
  Sonja (Lair:1)
  A manticore (D:9)
  A cyclops (D:11)
  2 black mambas (Lair:1)
  5 spiny frogs
  2 komodo dragons (Lair:1)
  Prince Ribbit (D:8)
  A hornet (D:11)
  2 hippogriffs
  7 blink frogs (Lair:2)
  18 yaks
  A shadow (D:11)
  A vampire (D:11)
  3 hogs (D:7)
  A wyvern (D:9)
  A hungry ghost (D:9)
  A steam dragon (D:9)
  A human (D:7)
  Duvessa (D:5)
  2 porcupines
  11 water moccasins
  4 orc warriors
  A phantom (D:7)
  3 black bears
  2 necrophages
  3 ice beasts (D:10)
  5 sky beasts
  5 ogres
  6 centaurs
  4 crocodiles
  A big kobold (D:11)
  8 bullfrogs
  A gnoll sergeant (D:6)
  4 scorpions
  Dowan (D:5)
  3 killer bees (D:9)
  4 howler monkeys
  2 crimson imps
  A bullfrog zombie (D:6)
  A centaur zombie (D:5)
  4 hounds
  5 bullfrog skeletons
  A quasit (D:7)
  7 orc priests
  3 jellies
  A centaur skeleton (D:7)
  10 orc wizards
  6 iguanas
  9 worker ants
  A hound skeleton (D:7)
  4 worker ant zombies
  8 adders
  14 gnolls
  2 shadow imps
  An adder zombie (D:6)
  2 worms
  3 dart slugs
  4 leopard geckos
  70 orcs
  3 giant cockroaches
  2 goblins
  A hobgoblin (D:1)
  13 jackals
  7 quokkas
  9 bats
  8 frilled lizards
  7 kobolds
  A quokka zombie (D:7)
  8 rats
344 creatures vanquished.

Vanquished Creatures (others)
  2 fungi
  2 plants (Lair:1)
4 creatures vanquished.

Grand Total: 348 creatures vanquished

Notes
Turn   | Place    | Note
-------+----------+-------------------------------------------
     0 | D:1      | Laphicet the Troll Hunter began the quest for the Orb.
     0 | D:1      | Reached XP level 1. HP: 19/19 MP: 0/0
   171 | D:1      | Reached XP level 2. HP: 12/28 MP: 1/1
   825 | D:2      | Reached skill level 1 in Maces & Flails
  1157 | D:2      | Reached XP level 3. HP: 30/35 MP: 2/2
  1646 | D:3      | Reached XP level 4. HP: 26/42 MP: 3/3
  2126 | D:4      | Reached XP level 5. HP: 42/49 MP: 4/4
  2603 | D:4      | Reached XP level 6. HP: 46/59 MP: 5/5
  2982 | D:4      | Found a staircase to the Ecumenical Temple.
  3018 | Temple   | Entered the Ecumenical Temple
  3245 | Temple   | Became a worshipper of Cheibriados the Contemplative
  3503 | D:5      | Entered Level 5 of the Dungeon
  3784 | D:5      | Found a sparkling altar of Nemelex Xobeh.
  3860 | D:4      | Reached * piety under Cheibriados
  4016 | D:4      | Learned a level 1 spell: Sandblast
  4082 | D:5      | Reached XP level 7. HP: 54/67 MP: 6/6
  4494 | D:5      | Reached skill level 5 in Throwing
  4606 | D:5      | Found Konougupn's Jewellery Boutique.
  4614 | D:5      | Bought a cursed amulet of inaccuracy for 22 gold pieces
  4956 | D:6      | Noticed Dowan
  4961 | D:6      | Noticed Duvessa
  4974 | D:5      | Killed Dowan
  4986 | D:5      | Killed Duvessa
  4986 | D:5      | Reached skill level 5 in Maces & Flails
  5045 | D:6      | Reached XP level 8. HP: 61/78 MP: 7/7
  5130 | D:6      | Reached ** piety under Cheibriados
  5182 | D:6      | Found a basalt altar of Yredelemnul.
  5236 | D:6      | Found a deep blue altar of Sif Muna.
  5236 | D:6      | Found a radiant altar of Vehumet.
  5241 | D:6      | Found an iron altar of Okawaru.
  5470 | D:6      | Got a twisted robe
  5481 | D:6      | Identified the +0 robe of Knowledge {rF+ Str+2 Dex-4} (You found it on level 6 of the Dungeon)
  5790 | D:6      | Reached skill level 1 in Shields
  6353 | D:7      | Reached skill level 1 in Invocations
  6394 | D:7      | Reached *** piety under Cheibriados
  6447 | D:7      | Reached XP level 9. HP: 75/84 MP: 9/9
  6453 | D:7      | Reached skill level 2 in Invocations
  6725 | D:7      | Reached skill level 3 in Invocations
  6884 | D:7      | Reached skill level 5 in Shields
  6891 | D:7      | Reached skill level 4 in Invocations
  7235 | D:8      | Found an opulent altar of Gozag.
  7323 | D:8      | Noticed Prince Ribbit
  7327 | D:8      | Noticed a two-headed ogre
  7343 | D:8      | Gained mutation: You are covered in thick fur. (AC +2) [potion of mutation]
  7343 | D:8      | Gained mutation: You have a pair of small horns on your head. [potion of mutation]
  7343 | D:8      | Gained mutation: You are partially covered in rugged brown scales. (AC +1, +3% HP) [potion of mutation]
  7343 | D:8      | Killed Prince Ribbit
  7343 | D:8      | Reached skill level 5 in Invocations
  7442 | D:8      | Killed a two-headed ogre
  7442 | D:8      | Reached skill level 6 in Invocations
  7442 | D:8      | Reached XP level 10. HP: 61/95 MP: 13/13
  7522 | D:8      | Reached **** piety under Cheibriados
  7951 | D:9      | Noticed Erica
  8175 | D:9      | Killed Erica
  8175 | D:9      | Reached skill level 7 in Invocations
  8453 | D:9      | Noticed a manticore
  8469 | D:9      | Killed a manticore
  8740 | D:9      | Reached ***** piety under Cheibriados
  8985 | D:9      | Reached skill level 8 in Invocations
  9105 | D:9      | Found Vuloazuq's Book Shop.
  9383 | D:10     | Entered Level 10 of the Dungeon
  9540 | D:10     | Reached XP level 11. HP: 92/102 MP: 16/16
  9976 | D:10     | Found Vish's Gadget Emporium.
  9984 | D:10     | Bought a wand of confusion (31/48) for 296 gold pieces
 10219 | D:11     | Found a staircase to the Orcish Mines.
 10381 | D:11     | Noticed a death yak
 10438 | D:11     | Noticed a death yak
 10440 | D:11     | Noticed a death yak
 10453 | D:11     | Reached skill level 9 in Invocations
 10463 | D:11     | Killed a death yak
 10478 | D:11     | Killed a death yak
 10829 | D:11     | Found a staircase to the Lair.
 10978 | D:11     | Killed a death yak
 11093 | Lair:1   | Entered Level 1 of the Lair of Beasts
 11152 | Lair:1   | Got an ancient quarterstaff
 11159 | Lair:1   | Identified the +5 quarterstaff of Sanog {antimagic, +Fly rElec MR++ Dex-5} (You found it on level 1 of the Lair of Beasts)
 11308 | Lair:1   | Reached skill level 10 in Invocations
 11309 | Lair:1   | Reached skill level 10 in Shields
 11456 | Lair:1   | Noticed Sonja
 11470 | Lair:1   | Killed Sonja
 11666 | Lair:1   | Noticed Gastronok
 11678 | Lair:1   | Killed Gastronok
 11678 | Lair:1   | Reached XP level 12. HP: 80/109 MP: 16/19
 12475 | Lair:1   | Reached skill level 11 in Invocations
 12729 | Lair:2   | Noticed a death yak
 12729 | Lair:2   | Noticed a death yak
 12729 | Lair:2   | Noticed a death yak
 12751 | Lair:1   | Killed a death yak
 12751 | Lair:1   | Reached skill level 1 in Spellcasting
 13182 | Lair:2   | Reached skill level 5 in Fighting
 13549 | Lair:2   | Found a staircase to the Snake Pit.
 13605 | Lair:2   | Noticed an eight-headed hydra
 13619 | Lair:2   | Mangled by an eight-headed hydra

Vault maps used:
D:1:      mrwooster_arrival_statue
D:2:      first_bread, minmay_misc_feat_diagonals
D:4:      minmay_temple_entry_fiery, st_stairs_7, minivault_1, hex_large
D:5:      lemuel_round_altar, serial_shops, shop
D:6:      minitemple, uniq_duvessa
D:7:      grunt_livestock, lightli_orcish_oven
D:8:      grunt_gozag_statues, uniq_prince_ribbit1
D:9:      serial_shops, shop, uniq_erica
D:10:     serial_shops, nicolae_shop_crystal, serial_glass, glass_columns_a,
          glass_columns_a, glass_columns_c, glass_columns_b, glass_columns_b,
          glass_columns_a, glass_columns_a, glass_columns_a, glass_columns_b,
          glass_columns_c
D:11:     dpeg_lair_monsters, david_orc_3
Temple:   regret_index_temple_generic_petals
Lair:1:   serial_bayou_shore_b, grunt_megastairs_1, infiniplex_staircase_pool_2,
          uniq_sonja, uniq_gastronok
Lair:2:   dummy_snake_entry, grunt_forest_small_clearing_treed

Skill      XL: |  1  2  3  4  5  6  7  8  9 10 11 12 |
---------------+-------------------------------------+-----
Maces & Flails | 1 2 3 4 5 6 |  6.5
Dodging        | 2 3 4 |  4.7
Fighting       | 2 3 4 5 |  5.0
Throwing       | 4 5 |  5.5
Shields        | 4 6 8 10 | 10.6
Invocations    | 1 6 8 10 11 | 11.2
Spellcasting   | 1 |  1.6
Stealth        | |  0.3

Action                   |  1- 3 |  4- 6 |  7- 9 | 10-12 || total
-------------------------+-------+-------+-------+-------++-------
Melee: Whip              |   104 |   218 |   432 |   693 ||  1447
       Unarmed           |     2 |       |       |       ||     2
       Headbutt          |       |       |     8 |   258 ||   266
       Flail             |       |       |       |     5 ||     5
Throw: Large rock        |       |       |     5 |    12 ||    17
Invok: Bend Time         |       |       |     2 |     8 ||    10
       Slouch            |       |       |       |     6 ||     6
Evoke: Wand              |       |       |     7 |     5 ||    12
  Use: Scroll            |       |       |    17 |     8 ||    25
       Potion            |       |       |    10 |     4 ||    14
 Stab: Sleeping          |     1 |     1 |       |     3 ||     5
       Distracted        |       |     1 |       |       ||     1
       Paralysed         |       |       |    17 |       ||    17
  Eat: Chunk             |    14 |    29 |    18 |    44 ||   105
Armor: Robe              |    49 |    58 |    86 |   139 ||   332
       Skin              |       |       |       |     6 ||     6
Dodge: Dodged            |    76 |   108 |   185 |   222 ||   591
Block: Shield            |       |       |   153 |   434 ||   587
